 Dungeon Crawl Stone Soup version 0.28.0 (webtiles) character file.

Game seed: 5165709249316612723

1725 Akaron the Digger (level 9, -3/52 HPs)
             Began as an Octopode Earth Elementalist on Feb 6, 2022.
             Was a Believer of Jiyva.
             Killed from afar by Dowan (13 damage)
             ... with a shard of ice
             ... on level 7 of the Dungeon.
             The game lasted 00:20:57 (7144 turns).

Akaron the Digger (Octopode Earth Elementalist)     Turns: 7144, Time: 00:20:58

Health: -3/52      AC:  3    Str: 12    XL:     9   Next: 4%
Magic:  0/18       EV: 14    Int: 21    God:    Jiyva [**....]
Gold:   156        SH:  0    Dex: 18    Spells: 14/20 levels left

rFire   + . .      SeeInvis +   b - +9 dagger of the Assorted Planets {vorpal, *Corrode rElec Str+4 SInv}
rCold   . . .      Faith    .   (no shield)
rNeg    . . .      Spirit   +   (helmet restricted)
rPois   .          Reflect  .   d - amulet of guardian spirit
rElec   +          Harm     .   p - +6 ring of dexterity
rCorr   +          Rampage  .   s - ring of flight
Will    .....      Rnd*Tele +   w - ring of protection from fire
Stlth   +++.......              (no ring)
HPRegen 1.13/turn               (no ring)
MPRegen 0.46/turn               (no ring)
                                (no ring)
                                (no ring)

@: lethally poisoned (-3 -> -8), flying
A: almost no armour, amphibious, 8 rings, camouflage 1, gelatinous body 1,
(nimble swimmer 1), tentacles, iridescent scales 1, sense surroundings 1,
teleportitis 1, MP-powered wands
a: Renounce Religion


You were on level 7 of the Dungeon.
You worshipped Jiyva.
Jiyva was pleased with you.
You visited 1 branch of the dungeon, and saw 7 of its levels.
You also visited: Sewer.

You collected 156 gold pieces.

Inventory:

Hand Weapons
 a - a +1 dagger of freezing
 b - the +9 dagger of the Assorted Planets (weapon) {vorpal, *Corrode rElec Str+4 SInv}
   (You found it on level 6 of the Dungeon)

   It inflicts extra damage upon your enemies.
   Str:       It affects your strength (+4).
   rElec:     It insulates you from electricity.
   SInv:      It lets you see invisible.
   *Corrode:  It may corrode you when you take damage.
 j - a +1 dagger of protection
 l - a +0 dagger of flaming
Missiles
 f - 4 curare-tipped darts
 E - 14 stones
Jewellery
 d - an amulet of guardian spirit (around mantle)
 p - a +6 ring of dexterity (left tentacle)
 s - a ring of flight (right tentacle)
 w - a ring of protection from fire (on tentacle)
Wands
 u - a wand of charming (12)
Scrolls
 c - 5 scrolls of identify
 e - a scroll of teleportation {unknown}
 g - a scroll of summoning {unknown}
 h - 2 scrolls of magic mapping {unknown}
 i - 2 scrolls of enchant armour {unknown}
 t - 2 scrolls of fear {unknown}
 v - a scroll of enchant weapon {unknown}
 y - a scroll of blinking {unknown}
Potions
 k - 5 potions of magic {unknown}
 m - 2 potions of degeneration {unknown}
 n - a potion of curing {unknown}
 o - a potion of cancellation {unknown}
 q - a potion of brilliance
 r - 2 potions of heal wounds {unknown}
 x - a potion of berserk rage {unknown}
 z - 2 potions of haste {unknown}
 A - a potion of invisibility {unknown}
 B - a potion of mutation
 C - a potion of flight {unknown}
 D - a potion of lignification {unknown}


   Skills:
 + Level 0.9 Fighting
 + Level 1.1 Short Blades
 + Level 3.0 Dodging
 - Level 3.0 Stealth
 + Level 6.4 Spellcasting
 * Level 5.3 Conjurations
 + Level 1.0 Transmutations
 + Level 6.9 Earth Magic


You had 14 spell levels left.
You knew the following spells:

 Your Spells              Type           Power      Damage    Failure   Level
a - Sandblast             Erth           72%        2d16      1%          1
b - Passwall              Tmut/Erth      19%        N/A       2%          2
c - Stone Arrow           Conj/Erth      64%        3d11      2%          3

Your spell library contained the following spells:

 Spells                   Type           Power      Damage    Failure   Level
 Petrify                  Tmut/Erth      23%        N/A       19%         4
 Summon Guardian Golem    Hex/Summ       6%         N/A       28%         3
 Orb of Destruction       Conj           14%        9d7       100%        7
 Spellforged Servitor     Conj/Summ      9%         N/A       100%        7


Dungeon Overview and Level Annotations

Branches:
Dungeon (7/15)              Sewer (visited)
 Temple: D:4-7

Altars:
Cheibriados
Elyvilon
Hepliaklqana
Kikubaaqudgha
Nemelex Xobeh
Okawaru
Sif Muna
Trog
Yredelemnul
Zin

Shops:
D:5 *

Annotations:
D:7 Dowan


Innate Abilities, Weirdness & Mutations

You cannot wear most types of armour.
You are amphibious.
You can wear up to eight rings at the same time.
Your skin changes colour to match your surroundings (Stealth+).
Your rubbery body absorbs attacks. (AC +1, EV +1)
((You are camouflaged when in or above water. (Stealth+)))
You have tentacles for arms and can constrict up to eight enemies at once.
You are partially covered in iridescent scales. (AC +2)
You passively map a small area around you.
You are occasionally teleported next to monsters.
You expend magic power (3 MP) to strengthen your wands.


Message History

Dowan casts a spell at Duvessa.
Duvessa seems to speed up.
You feel sick.
You are no longer poisoned.
Duvessa hits the jelly with a +0 short sword of venom!
Duvessa is burned by acid!
You see here a scroll labelled DUMYGI KUSA.
t - 2 scrolls labelled DUMYGI KUSA (gained 1)
The jelly hits Duvessa but does no damage.
Duvessa hits the jelly with a +0 short sword of venom!
Duvessa is burned by acid!
Duvessa hits you with a +0 short sword of venom.
You are poisoned.
The jelly hits Duvessa but does no damage.
Duvessa hits you with a +0 short sword of venom!
You are more poisoned.
The stone arrow hits Duvessa!
You kill Duvessa!
Dowan seems overcome with grief.
Dowan seems to find hidden reserves of power!
You feel very sick. Dowan barely misses you.
You closely miss Dowan. Your grab misses Dowan.
Dowan is moderately wounded.
You feel very sick.
Dowan gestures wildly while chanting.
Dowan blinks!
You hear a slurping noise.
The jelly hits the steam dragon but does no damage.
Dowan shakes with grief.
Dowan casts a spell at you. The stone arrow hits you!
* * * LOW HITPOINT WARNING * * *
Okay, then.
You hit the steam dragon.
The steam dragon is lightly wounded.
You feel very sick.
Dowan points at you and mumbles some strange words.
The shard of ice hits you!
You die...

...#......)))..##.
.D......###<##......
,
##.§§..#...........*
,
#..§§§.....##......
, ,
,##..§§§#.....##....
......###...........
,
......,##.J.....#...
*
.#.....#...D.......
#.........@.......,
#.......#........#.
,,, * *
###.....##.e.^..##
,** , .##.. ##.....#
, .. *.......#, ..
....##.# , ..... ..#
, ,#..##.. .# , ,..
...


You could see a steam dragon, Dowan (fast) and a neutral jelly
(wandering)(fellow slime).

Vanquished Creatures
  Eustachio (D:5)
  Duvessa (D:7)
  A sky beast (D:7)
  An ice beast (D:6)
  A necrophage (D:6)
  5 ogres
  3 centaurs
  2 phantoms
  A kobold brigand (D:7)
  An orc priest (D:3)
  2 jellies (Sewer)
  An iguana (D:6)
  2 orc wizards
  A hound zombie (D:5)
  A howler monkey zombie (D:7)
  4 gnolls (D:4)
  8 adders
  2 river rats (Sewer)
  2 adder skeletons (D:4)
  3 dart slugs
  12 orcs
  10 bats
  16 endoplasms
  6 giant cockroaches
  6 goblins
  5 hobgoblins
  4 jackals
  12 kobolds
  6 quokkas
  11 ball pythons
  3 frilled lizards
  A quokka skeleton (D:4)
  9 rats
144 creatures vanquished.

Vanquished Creatures (others)
  3 jellies (D:6)
  A centaur skeleton (D:6)
  A hound (D:6)
  An iguana (D:6)
  An adder (D:6)
  A shadow imp (D:6)
  An ufetubus (D:6)
  A spectral orc (D:6)
  2 fungi (D:3)
  4 toadstools (D:1)
16 creatures vanquished.

Grand Total: 160 creatures vanquished

Notes
Turn   | Place    | Note
-------+----------+-------------------------------------------
     0 | D:1      | Akaron the Octopode Earth Elementalist began the quest for
                  | the Orb.
     0 | D:1      | Reached XP level 1. HP: 11/11 MP: 3/3
   169 | D:1      | Reached XP level 2. HP: 17/17 MP: 0/5
   741 | D:1      | Learned a level 2 spell: Passwall
   973 | D:1      | Reached XP level 3. HP: 17/21 MP: 4/6
  1567 | D:2      | Reached skill level 1 in Conjurations
  1911 | D:2      | Learned a level 3 spell: Stone Arrow
  2115 | D:2      | Reached XP level 4. HP: 27/27 MP: 4/7
  2504 | D:3      | Gained mutation: You occasionally shout uncontrollably at
                  | your foes. [potion of mutation]
  2504 | D:3      | Gained mutation: You sometimes lose the ability to read
                  | scrolls when taking damage. [potion of mutation]
  2505 | D:3      | Lost mutation: You occasionally shout uncontrollably at
                  | your foes. [potion of mutation]
  2505 | D:3      | Lost mutation: You sometimes lose the ability to read
                  | scrolls when taking damage. [potion of mutation]
  2505 | D:3      | Gained mutation: You expend magic power (3 MP) to
                  | strengthen your wands. [potion of mutation]
  2505 | D:3      | Gained mutation: You passively map a small area around you.
                  | [potion of mutation]
  2505 | D:3      | Gained mutation: You are occasionally teleported next to
                  | monsters. [potion of mutation]
  2505 | D:3      | Gained mutation: You are partially covered in iridescent
                  | scales. (AC +2) [potion of mutation]
  2817 | D:3      | HP: 1/27 [orc wizard/puff of flame (4)]
  3229 | D:3      | Reached XP level 5. HP: 22/31 MP: 2/9
  3328 | D:3      | Found a faded altar of an unknown god.
  3523 | D:3      | Found a sparkling altar of Nemelex Xobeh.
  3525 | D:3      | Found a bloodstained altar of Trog.
  3526 | D:3      | Found an ancient bone altar of Kikubaaqudgha.
  3535 | D:3      | Found a snail-covered altar of Cheibriados.
  3547 | D:3      | Found a hazy altar of Hepliaklqana.
  3551 | D:3      | Found a white marble altar of Elyvilon.
  3552 | D:3      | Found a shimmering blue altar of Sif Muna.
  4225 | D:4      | Reached XP level 6. HP: 36/36 MP: 9/11
  5049 | D:5      | Entered Level 5 of the Dungeon
  5058 | D:5      | Reached XP level 7. HP: 42/42 MP: 11/13
  5163 | D:5      | Found a glowing drain.
  5177 | Sewer    | Entered a sewer
  5622 | Sewer    | Found a viscous altar of Jiyva.
  5725 | Sewer    | Reached skill level 5 in Earth Magic
  5795 | Sewer    | Became a worshipper of Jiyva Jyhymel the Shapeless
  5887 | D:5      | Found an iron altar of Okawaru.
  5978 | D:5      | Found Wituxopi's General Store.
  5986 | D:5      | Reached skill level 1 in Short Blades
  5986 | D:5      | Reached skill level 5 in Spellcasting
  6135 | D:5      | Noticed Eustachio
  6142 | D:5      | Killed Eustachio
  6143 | D:5      | Reached XP level 8. HP: 37/47 MP: 1/16
  6383 | D:6      | Reached * piety under Jiyva
  6389 | D:6      | Found a glowing silver altar of Zin.
  6508 | D:6      | Identified the +9 dagger of the Assorted Planets {vorpal,
                  | *Corrode rElec Str+4 SInv}
  6720 | D:6      | Reached ** piety under Jiyva
  6809 | D:6      | Found a basalt altar of Yredelemnul.
  7088 | D:7      | Reached skill level 5 in Conjurations
  7124 | D:7      | Noticed Duvessa
  7125 | D:7      | Noticed Dowan
  7131 | D:7      | Reached XP level 9. HP: 43/52 MP: 5/18
  7142 | D:7      | Killed Duvessa
  7144 | D:7      | Killed from afar by Dowan

Illustrated notes

Levels and vault maps discovered:
D:1:      ldierk_walled_garden_2, layout_rooms, chequers_hall_statues_y
D:2:      layout_basic, serial_park_tiny_2, minmay_tromino_v4_a
D:3:      layout_basic, nicolae_overflow_hallway_of_the_gods,
          shapermc_ecumenical_altar_hornbeckon, grunt_ministairs_8
D:4:      layout_gridville
D:5:      layout_rooms, okawaru_ov_weapons_minmay, portal_sewer_entry_f,
          serial_shops, nicolae_square_shop, solitary_fountain,
          nrook_pool_corridor, uniq_eustachio
D:6:      layout_cave_pools, overflow_temple_1_default,
          yredelemnul_forgotten_temple_becter
D:7:      layout_cave_pools, mainiacjoe_overflow_chevrons,
          minmay_temple_entry_overgrown, enter_bailey_5, uniq_duvessa

Skill      XL: |  1  2  3  4  5  6  7  8 |
---------------+-------------------------+-----
Stealth        | 3 |  3.0
Conjurations   | 1 2 3 5 |  5.3
Spellcasting   | 3 4 5 6 |  6.4
Earth Magic    | 4 5 6 |  6.9
Short Blades   | 1 |  1.1
Dodging        | 3 |  3.0
Fighting       | |  0.9
Transmutations | |  1.0

Action                   |  1- 3 |  4- 6 |  7- 9 || total
-------------------------+-------+-------+-------++-------
Melee: Dagger            |    13 |    13 |    24 ||    50
       Unarmed           |     7 |       |       ||     7
       Constrict         |     4 |     3 |     2 ||     9
       Tentacles         |     2 |     1 |     3 ||     6
       Punch             |       |     1 |       ||     1
 Cast: Sandblast         |    53 |    68 |    69 ||   190
       Stone Arrow       |       |       |    29 ||    29
  Use: Potion            |       |     3 |       ||     3
       Scroll            |       |     1 |       ||     1
 Stab: Sleeping          |       |     1 |       ||     1
Armor: Skin              |     5 |    13 |    10 ||    28
Dodge: Dodged            |    17 |    25 |    47 ||    89
